 Dungeon Sprint DCSS version 0.29-a0-717-g6dac4ea423 (webtiles) character file.

Game seed: 13822120205905317631

19310 mhtbhm the Imperceptible (level 12, 0/58 HPs)
             Began as a Spriggan Enchanter on June 26, 2022.
             Was the Champion of Dithmenos.
             Slain by a stone giant (35 damage)
             ... in the Dungeon (Sprint IX: "|||||||||||||||||||||||||||||").
             The game lasted 00:07:47 (3285 turns).

mhtbhm the Imperceptible (Spriggan Enchanter)       Turns: 3285, Time: 00:07:48

Health: 0/58       AC:  5    Str:  4    XL:     12   Next: 35%
Magic:  30/32      EV: 28    Int: 17    God:    Dithmenos [******]
Gold:   1579       SH:  0    Dex: 23    Spells: 30/41 levels left

rFire   . . .      SeeInvis +   a - +8 Vampire's Tooth {vamp}
rCold   . . .      Faith    .   (no shield)
rNeg    . . .      Spirit   .   b - +0 robe
rPois   .          Reflect  .   (helmet restricted)
rElec   .          Harm     .   k - +0 cloak
rCorr   .          Rampage  .   (gloves unavailable)
Will    ++...      NoTele   +   (boots unavailable) Stlth ********++
                                (no amulet)
HPRegen 0.19/turn               l - +2 ring of protection
MPRegen 0.23/turn               m - +3 ring of dexterity

@: wreathed by umbra, very quick
A: very small, no large weapons, unfitting armour, see invisible, speed 3
a: Renounce Religion, Shadow Step, Shadow Form


You were in the Dungeon.
You worshipped Dithmenos.
Dithmenos was exalted by your worship.
You visited 1 branch You collected 1954 gold pieces.
You spent 375 gold pieces at shops.

Inventory:

Hand Weapons
 a - the +8 Vampire's Tooth (weapon) {vamp}
   (You found it in the Dungeon)

   It occasionally heals its wielder for the full amount of damage dealt when it
   wounds a living foe.
Armour
 b - a +0 robe (worn)
 k - a +0 cloak (worn)
Jewellery
 l - a +2 ring of protection (left hand)
 m - a +3 ring of dexterity (right hand)
 w - a ring of ice
 x - a ring of magical power
 y - a ring of fire
 z - a ring of poison resistance
Wands
 j - a wand of iceblast (10)
 s - a wand of polymorph (9)
Scrolls
 h - 2 scrolls of amnesia
 i - 2 scrolls of blinking
 o - 4 scrolls of enchant weapon
 p - 3 scrolls of fear
 q - 6 scrolls of enchant armour
 t - 3 scrolls of fog
 u - a scroll of magic mapping
Potions
 c - a potion of invisibility
 d - 5 potions of heal wounds
 e - 8 potions of curing
 f - 2 potions of haste
 g - 3 potions of magic
 n - a potion of resistance
 r - a potion of flight
 v - 3 potions of mutation
 A - a potion of might
 B - a potion of berserk rage


   Skills:
 + Level 4.4 Fighting
 + Level 8.5 Short Blades
 + Level 11.7 Dodging
 + Level 25.1 Stealth
 + Level 15.3 Spellcasting
 + Level 1.7 Conjurations
 + Level 15.8 Hexes
 + Level 8.1 Ice Magic
 * Level 14.0 Invocations


You had 30 spell levels left.
You knew the following spells:

 Your Spells              Type           Power      Damage    Failure   Level
a - Ensorcelled Hibernat  Hex/Ice        100%       N/A       1%          2
b - Confusing Touch       Hex            61%        N/A       1%          3
c - Tukima's Dance        Hex            61%        N/A       1%          3
d - Dazzling Flash        Conj/Hex       86%        N/A       1%          3

Your spell library contained the following spells:

 Spells                   Type           Power      Damage    Failure   Level


Dungeon Overview and Level Annotations

Branches:
Dungeon (1/1)

Altars:
Cheibriados
Dithmenos
Elyvilon
Fedhas
Gozag
Hepliaklqana
Kikubaaqudgha
Makhleb
Nemelex Xobeh
Okawaru
Qazlal
Ru
Sif Muna
Trog
Uskayaw
Vehumet
Wu Jian
Xom
Yredelemnul
Zin
The Shining One
Beogh
Jiyva
Lugonu

Shops:
D (![?


Innate Abilities, Weirdness & Mutations

You are very small and have problems with some larger weapons.
You are too small for most types of armour.
You have supernaturally acute eyesight. (SInv)
You cover ground extremely quickly. (Speed+++)


Message History

Your shadow hits the stone giant but does no damage.
The stone giant completely misses you.
You hit the stone giant but do no damage.
You hit the stone giant but do no damage.
You hit the stone giant but do no damage.
The stone giant barely misses you.
You hit the stone giant but do no damage.
Your shadow hits the stone giant but does no damage.
Press: ? - help, v - describe, . - travel, g - get item
Here: a stone giant, quivering large rocks (black smoke, chance to confuse on hit: 26%, umbra) Item here: a +2 plate armour.
The floor.
Unknown command.
You hit the stone giant but do no damage.
Your shadow hits the stone giant with a quick blade.
You hit the stone giant but do no damage.
The stone giant is lightly wounded.
Your shadow hits the stone giant but does no damage.
You hit the stone giant but do no damage.
The stone giant is lightly wounded.
Your shadow hits the stone giant but does no damage.
The stone giant completely misses you.
You hit the stone giant but do no damage.
The stone giant is lightly wounded.
You hit the stone giant but do no damage.
The stone giant is lightly wounded.
Press: ? - help, v - describe, . - travel, g - get item
Here: a stone giant, quivering large rocks (black smoke, lightly wounded, chance to confuse on hit: 26%, umbra) Item here: a +2 plate armour.
The floor.
Unknown command.
You hit the stone giant but do no damage.
The stone giant appears confused.
The stone giant is lightly wounded.
Unknown command.
You see here a +2 plate armour.
You hit the stone giant but do no damage.
The stone giant hits you!!
Ouch! That really hurt!
You die...

▓_▓.▓'▓.▓)▓.▓)▓
▓_▓.▓÷▓.▓.▓.▓)▓
▓_▓.▓÷▓)▓.▓.▓.▓
▓_▓.▓.▓.▓.▓.▓[▓
▓_▓.▓.▓.▓)▓.▓[▓
▓_▓.▓.▓.▓)▓.▓§▓
▓_▓.▓.▓.▓)▓.▓§▓
▓_▓.▓.▓.▓)▓.▓§▓
▓_▓.▓.▓.▓)▓.▓@▓
▓_▓.▓.▓.▓)▓.▓C▓
▓_▓.▓'▓.▓)▓.▓§▓
▓_▓.▓.▓.▓.▓.▓.▓
▓_▓.▓÷▓.▓.▓.▓.▓
▓_▓.▓.▓.▓.▓.▓.▓
▓_▓.▓÷▓.▓.▓.▓.▓
▓_▓.▓.▓.▓.▓.▓.▓
▓_▓.▓.▓.▓.▓.▓.▓


You could see a stone giant (confused).

Vanquished Creatures
  An ettin (D)
  A centaur warrior (D)
  2 two-headed ogres (D)
  5 ogre magi (D)
  An iron troll (D)
  6 deep trolls (D)
  A deep elf pyromancer (D)
  An orc knight (D)
  An orc sorcerer (D)
  An ugly thing (D)
  A manticore (D)
  Maurice (D)
  2 black mambas (D)
  6 cane toads (D)
  A rime drake (D)
  A komodo dragon (D)
  4 trolls (D)
  A meliai (D)
  A dream sheep (shapeshifter) (D)
  4 blink frogs (D)
  A slime creature (D)
  3 yaks (D)
  A vampire (D)
  2 basilisks (D)
  A vampire mosquito (D)
  2 wargs (D)
  An acid dragon (D)
  4 hell hounds (D)
  8 orc warriors (D)
  An ice beast (D)
  2 wolves (D)
  A bullfrog (D)
  2 orc priests (D)
  4 orc wizards (D)
  An adder (D)
  An ufetubus (D)
  10 orcs (D)
  A ball python (D)
  An endoplasm (D)
  2 giant cockroaches (D)
  A quokka (D)
  A rat (D)
93 creatures vanquished.

Notes
Turn   | Place    | Note
-------+----------+-------------------------------------------
     0 | D        | mhtbhm the Spriggan Enchanter began the quest for the Orb.
     0 | D        | Reached XP level 1. HP: 9/9 MP: 5/5
    30 | D        | Reached skill level 5 in Stealth
   141 | D        | Noticed an ice beast
   146 | D        | Reached skill level 5 in Hexes
   146 | D        | Reached XP level 2. HP: 13/13 MP: 5/7
   148 | D        | Reached skill level 6 in Stealth
   174 | D        | Killed an ice beast
   175 | D        | Reached skill level 1 in Fighting
   175 | D        | Reached skill level 5 in Dodging
   175 | D        | Reached skill level 9 in Stealth
   175 | D        | Reached skill level 5 in Spellcasting
   175 | D        | Reached XP level 3. HP: 13/18 MP: 7/10
   175 | D        | Reached XP level 4. HP: 15/22 MP: 8/12
   190 | D        | Found a snail-covered altar of Cheibriados.
   190 | D        | Found a shadowy altar of Dithmenos.
   190 | D        | Found a white marble altar of Elyvilon.
   190 | D        | Found a blossoming altar of Fedhas.
   190 | D        | Found an opulent altar of Gozag.
   191 | D        | Found a hazy altar of Hepliaklqana.
   192 | D        | Found a viscous altar of Jiyva.
   193 | D        | Found an ancient bone altar of Kikubaaqudgha.
   194 | D        | Found a corrupted altar of Lugonu.
   195 | D        | Found a burning altar of Makhleb.
   196 | D        | Found a sparkling altar of Nemelex Xobeh.
   197 | D        | Found an iron altar of Okawaru.
   198 | D        | Found a stormy altar of Qazlal.
   203 | D        | Became a worshipper of Dithmenos the Shadowed
   208 | D        | Found a sacrificial altar of Ru.
   209 | D        | Found a shimmering blue altar of Sif Muna.
   210 | D        | Found a bloodstained altar of Trog.
   211 | D        | Found a hide-covered altar of Uskayaw.
   212 | D        | Found a radiant altar of Vehumet.
   213 | D        | Found an ornate altar of the Wu Jian Council.
   214 | D        | Found a shimmering altar of Xom.
   215 | D        | Found a basalt altar of Yredelemnul.
   216 | D        | Found a glowing silver altar of Zin.
   244 | D        | Found a glowing golden altar of the Shining One.
   252 | D        | Found the +8 Vampire's Tooth {vamp}
   361 | D        | Noticed a vampire
   361 | D        | Noticed a yak
   361 | D        | Noticed a two-headed ogre
   361 | D        | Noticed an acid dragon
   361 | D        | Noticed a two-headed ogre
   365 | D        | Reached skill level 1 in Invocations
   365 | D        | Reached XP level 5. HP: 25/25 MP: 13/13
   419 | D        | Learned a level 2 spell: Ensorcelled Hibernation
   423 | D        | Learned a level 3 spell: Confusing Touch
   427 | D        | Learned a level 3 spell: Tukima's Dance
   431 | D        | Learned a level 3 spell: Dazzling Flash
   460 | D        | Killed a vampire
   461 | D        | Reached skill level 11 in Stealth
   461 | D        | Reached XP level 6. HP: 30/30 MP: 10/15
   499 | D        | Killed a yak
   499 | D        | Reached * piety under Dithmenos
   500 | D        | Reached skill level 12 in Stealth
   542 | D        | Killed a two-headed ogre
   543 | D        | Reached skill level 14 in Stealth
   543 | D        | Reached skill level 10 in Hexes
   543 | D        | Reached skill level 1 in Ice Magic
   543 | D        | Reached XP level 7. HP: 35/35 MP: 15/19
   543 | D        | Reached XP level 8. HP: 39/39 MP: 15/20
   556 | D        | Reached skill level 15 in Stealth
   579 | D        | Killed a two-headed ogre
   579 | D        | Reached ** piety under Dithmenos
   580 | D        | Reached skill level 10 in Dodging
   580 | D        | Reached skill level 16 in Stealth
   681 | D        | Noticed a troll
   681 | D        | Noticed a wind drake
   681 | D        | Noticed a slime creature
   681 | D        | Noticed a cyan ugly thing
   686 | D        | Killed a troll
   687 | D        | Reached XP level 9. HP: 44/44 MP: 19/22
   702 | D        | Reached skill level 17 in Stealth
   731 | D        | Reached *** piety under Dithmenos
   734 | D        | Killed a cyan ugly thing
   919 | D        | Noticed a cane toad
   919 | D        | Noticed a cane toad
   920 | D        | Noticed a black mamba
   935 | D        | Noticed a komodo dragon
   939 | D        | Reached **** piety under Dithmenos
   940 | D        | Reached skill level 10 in Spellcasting
  1132 | D        | Reached skill level 18 in Stealth
  1133 | D        | Killed a cane toad
  1137 | D        | Killed a cane toad
  1139 | D        | Killed a black mamba
  1140 | D        | Reached XP level 10. HP: 49/49 MP: 13/26
  1148 | D        | Reached ***** piety under Dithmenos
  1149 | D        | Reached skill level 10 in Invocations
  1349 | D        | Reached skill level 19 in Stealth
  1467 | D        | Noticed a cane toad
  1467 | D        | Noticed a cane toad
  1467 | D        | Noticed a cane toad
  1471 | D        | Killed a cane toad
  1476 | D        | Killed a cane toad
  1478 | D        | Noticed a black mamba
  1480 | D        | Noticed a cane toad
  1482 | D        | Reached skill level 5 in Ice Magic
  1483 | D        | Killed a cane toad
  1491 | D        | Reached ****** piety under Dithmenos
  1494 | D        | Killed a black mamba
  1495 | D        | Reached skill level 20 in Stealth
  1495 | D        | Reached skill level 1 in Conjurations
  1499 | D        | Killed a cane toad
  1730 | D        | Reached XP level 11. HP: 52/52 MP: 28/28
  1798 | D        | Noticed Maurice
  1805 | D        | Killed Maurice
  1806 | D        | Reached skill level 21 in Stealth
  1851 | D        | Noticed an ettin
  1870 | D        | Killed an ettin
  1978 | D        | Noticed an orc sorcerer
  1983 | D        | Noticed an orc knight
  1984 | D        | Killed an orc sorcerer
  1998 | D        | Reached skill level 22 in Stealth
  2133 | D        | Killed an orc knight
  2364 | D        | Found Johotzig's Antique Weapon Emporium.
  2364 | D        | Noticed a deep troll
  2364 | D        | Noticed a deep troll
  2364 | D        | Noticed a deep troll
  2364 | D        | Noticed an ogre mage
  2365 | D        | Noticed a deep troll
  2366 | D        | Killed a deep troll
  2367 | D        | Found Fuot's Distillery.
  2377 | D        | Killed a deep troll
  2380 | D        | Killed a deep troll
  2569 | D        | Killed an ogre mage
  2570 | D        | Reached skill level 23 in Stealth
  2619 | D        | Killed a deep troll
  2702 | D        | Noticed an ogre mage
  2710 | D        | Noticed an iron troll
  2711 | D        | Killed an ogre mage
  2712 | D        | Noticed a deep troll
  2744 | D        | Killed an iron troll
  2745 | D        | Reached skill level 15 in Hexes
  2749 | D        | Killed a deep troll
  2810 | D        | Noticed a deep troll
  2836 | D        | Killed a deep troll
  2837 | D        | Reached skill level 24 in Stealth
  2837 | D        | Reached XP level 12. HP: 58/58 MP: 24/31
  2927 | D        | Found Quplun's Antique Armour Emporium.
  2931 | D        | Found Qatiowuezo's Magic Scroll Shoppe.
  2937 | D        | Noticed an ogre mage
  2944 | D        | Killed an ogre mage
  2972 | D        | Bought a scroll of fog for 20 gold pieces
  2972 | D        | Bought a scroll of fog for 20 gold pieces
  2972 | D        | Bought a scroll of magic mapping for 35 gold pieces
  2976 | D        | Bought a potion of curing for 30 gold pieces
  2976 | D        | Bought a potion of curing for 30 gold pieces
  2976 | D        | Bought a potion of mutation for 80 gold pieces
  2976 | D        | Bought a potion of mutation for 80 gold pieces
  2976 | D        | Bought a potion of mutation for 80 gold pieces
  3127 | D        | Noticed an ogre mage
  3127 | D        | Noticed a centaur warrior
  3127 | D        | Noticed an ogre mage
  3129 | D        | Killed an ogre mage
  3130 | D        | Reached skill level 15 in Spellcasting
  3130 | D        | Noticed a centaur warrior
  3132 | D        | Noticed a stone giant
  3133 | D        | Killed a centaur warrior
  3134 | D        | Noticed a frost giant
  3136 | D        | Noticed a fire dragon
  3141 | D        | Killed an ogre mage
  3142 | D        | Reached skill level 25 in Stealth
  3285 | D        | Slain by a stone giant

Illustrated notes

Levels and vault maps discovered:
D:        linesprint [early_d, line_temple, items_1, d_10, items_2, lair_1,
          lair_end, items_3, orc_1, orc_end, items_4, d_15, swamp_1, shoals_1,
          snake_1, spider_1, d_20, vaults_1, items_5, swamp_end, shoals_end,
          snake_end, spider_end, vaults_end, d_27, items_6, zot_1, zot_end,
          crypt_end, forest_end, elf_end, slime_end, tomb_end, abyss_end,
          pan_hell_end]

Skill      XL: |  1  2  3  4  5  6  7  8  9 10 11 12 |
---------------+-------------------------------------+-----
Hexes          | 5 7 8 10 11 12 13 15 | 15.8
Spellcasting   | 3 5 7 8 11 12 14 15 | 15.3
Stealth        | 5 9 11 14 16 18 20 24 25 | 25.1
Dodging        | 3 5 7 9 10 11 | 11.7
Fighting       | 1 2 3 4 |  4.4
Short Blades   | 2 3 4 6 7 8 |  8.5
Invocations    | 1 3 6 8 9 11 13 14 | 14.0
Ice Magic      | 1 2 4 5 7 8 |  8.1
Conjurations   | 1 |  1.7

Action                   |  1- 3 |  4- 6 |  7- 9 | 10-12 || total
-------------------------+-------+-------+-------+-------++-------
Melee: Dagger            |    36 |       |       |       ||    36
       Quick blade       |       |    11 |    26 |   158 ||   195
       Punch             |       |       |     1 |       ||     1
 Cast: Confusing Touch   |       |     1 |     2 |     5 ||     8
       Ensorcelled Hiber |       |     3 |    21 |    63 ||    87
       Dazzling Flash    |       |       |     2 |    14 ||    16
  Use: Potion            |     5 |     2 |       |     1 ||     8
 Stab: Sleeping          |     3 |     2 |    10 |    51 ||    66
       Invisible         |       |     1 |       |    10 ||    11
       Confused          |       |       |     1 |       ||     1
Armor: Robe              |     6 |     1 |       |     3 ||    10
Dodge: Dodged            |    31 |     6 |    22 |    64 ||   123

Table legend: (Time is in decaauts)
 A = Elapsed time spent in this place.
 B = Non-inter-level travel time spent in this place.
 C = Inter-level travel time spent in this place.
 D = Time resting spent in this place.
 E = Time spent auto-exploring this place.
 F = Levels seen in this place.
 G = Mean time per level.
                   A        B        C        D        E       F      G
               +--------+--------+--------+--------+--------+-----+--------+
         Total |   2768 |   2768 |      0 |   1379 |    726 |   1 | 2768.0 |
       Dungeon |   2768 |   2768 |      0 |   1379 |    726 |   1 | 2768.0 |
               +--------+--------+--------+--------+--------+-----+--------+

Top non-repeatable levels by time:
       D: 2768 daAuts
